 Dungeon Crawl Stone Soup version 0.31-a0-960-g0fca184906 (webtiles) character file.

Game seed: 2927212312938865348

4 Azuregosa the Sneak (level 1, -3/16 HPs)
             Began as an Octopode Delver on Oct 23, 2023.
             Was an Initiate of Dithmenos.
             Killed by nerve-wracking pain
             ... invoked by an orc priest
              (13 damage)
             ... on level 4 of the Dungeon.
             The game lasted 00:02:03 (289 turns).

Azuregosa the Sneak (Octopode Delver)                Turns: 289, Time: 00:02:03

Health: -3/16      AC:  1    Str: 11    XL:     1   Next: 60%
Magic:  1/1        EV: 13    Int: 12    God:    Dithmenos [......]
Gold:   12         SH:  0    Dex: 13    Spells: 0/0 levels left

rFire   . . .        a - +0 hand axe
rCold   . . .        (no shield)
rNeg    . . .        (helmet restricted)
rPois   .            (no amulet)
rElec   .            (no ring)
rCorr   .            (no ring)
SInv    .            (no ring)
Will    .....        (no ring)
Stlth   ++++         (no ring)
HPRegen 0.22/turn    (no ring)
MPRegen 0.07/turn    (no ring)
                     (no ring)

%: no passive effects
@: no status effects
A: almost no armour, amphibious, 8 rings, camouflage 1, gelatinous body 1,
(nimble swimmer 1), tentacles
a: Renounce Religion


You were on level 4 of the Dungeon.
You worshipped Dithmenos.
Dithmenos was noncommittal.
You visited 2 branches of the dungeon, and saw 4 of its levels.

You collected 12 gold pieces.

Inventory:

Hand Weapons
 a - a +0 hand axe (weapon)
Wands
 f - a wand of digging (5)
Scrolls
 b - a scroll of fog
 c - a scroll of identify {unknown}
Potions
 e - a potion of haste


   Skills:
 + Level 3.1 Fighting
 - Level 2.0 Axes
 - Level 2.0 Dodging
 + Level 6.7 Stealth


You couldn't memorise any spells.
You didn't know any spells.
Your spell library contained the following spells:

 Spells                   Type           Power      Damage    Failure   Level
 Manifold Assault         Tloc           0%         N/A       97%         4
 Dispersal                Tloc           0%         N/A       100%        6
 Disjunction              Tloc           0%         N/A       100%        8


Dungeon Overview and Level Annotations

Branches:
Dungeon (6/15)             Temple (1/1) D:5

Altars:
Ashenzari
Dithmenos
Elyvilon
Fedhas
Gozag
Hepliaklqana
Makhleb
Sif Muna
Uskayaw
Vehumet
Wu Jian
Xom
Yredelemnul
The Shining One

Annotations:
D:5 Eustachio


Innate Abilities, Weirdness & Mutations

You cannot wear most types of armour.
You are amphibious.
You can wear up to eight rings at the same time.
Your skin changes colour to match your surroundings (Stealth+).
Your rubbery body absorbs attacks. (AC +1, EV +1)
((You are camouflaged when in or above water. (Stealth+)))
You have tentacles for arms and can constrict up to eight enemies at once.


Message History

Found a scroll labelled DIPELU ARASCHAF.
Found a stone staircase leading up.
Found a scroll of revelation.
Found 14 gold pieces.
The quokka completely misses you.
You open the door. The quokka bites you.
There is an open door here.
The quokka attacks as it pursues you! The quokka misses you.
The river rat twitches its whiskers.
The quokka attacks as it pursues you! The quokka bites you. x2
There is a stone staircase leading up here.
The quokka misses you.
You climb upwards.
Found 12 gold pieces.
There is a stone staircase leading down here.
You start resting.
HP restored.
Found 10 gold pieces.
You now have 12 gold pieces.
A scorpion comes into view.
You see here 10 gold pieces.
Found a leather armour.
An adder comes into view.
The adder moves out of view. 2 orcs and an orc priest come into view.
The orc priest shouts!
An orc comes into view. It is wielding a +0 hand axe.
The orc moves out of view.
An orc comes into view. It is wielding a +0 mace.
The adder hisses angrily.
The orc shouts! x2
The orc priest mumbles some strange prayers to Beogh against you.
Beogh smites you!
The orc shouts!
You hear a shout!
The orc shouts!
A dart slug comes into view.
Found a stone staircase leading up.
The orc priest mumbles some strange prayers to Beogh against you.
Pain shoots through your body!
Ouch! That really hurt!
You die...

.......# # #......# ##
#....[.# .# #......#
.### #......# .
.$.###......### .w.
##............# ###....
..####......#.###.....#
.....##.........@..#
##.#.##...#....S.##.....
. .........#..........##
.. ####..#............
#.# #.....o.ooo.#....
... #......o......... ##
..........#####.#
........... <#
#.........#.


You could see an orc priest, an adder, a dart slug (asleep) and 4 orcs.

Vanquished Creatures
  2 orcs (D:5)
2 creatures vanquished.

Notes
Turn   | Place    | Note
-------+----------+-------------------------------------------
     0 | D:5      | Azuregosa the Octopode Delver began the quest for the Orb.
     0 | D:5      | Reached XP level 1. HP: 16/16 MP: 1/1
     5 | D:5      | Found a staircase to the Ecumenical Temple.
     5 | D:5      | Noticed an orc wizard
    13 | D:5      | Noticed a hound
    14 | Temple   | Entered the Ecumenical Temple
    29 | Temple   | Became a worshipper of Dithmenos the Shadowed
   212 | D:5      | Noticed Eustachio
   274 | D:4      | Noticed a scorpion
   285 | D:4      | Noticed an orc priest
   289 | D:4      | Killed from afar by an orc priest

Illustrated notes

Levels and vault maps discovered:
D:4:      layout_rooms
D:5:      layout_basic, nicolae_overflow_quartered_altars, temple_fountains,
          minmay_misc_feat_more_columns, eino_small_chamber_without_monster,
          chequers_serial_rivers_room_a, minmay_fire_ice_demons, uniq_sigmund,
          uniq_eustachio
D:6:      layout_basic, mainiacjoe_overflow_catwalk,
          mainiacjoe_overflow_24_doors, gammafunk_ghost_smash
Temple:   jpeg_temple_clearing

Action                     || total
---------------------------++-------
  Melee: Hand axe          ||     7
         Constrict         ||     2
         Tentacles         ||     1
    Use: Scroll            ||     2
 Armour: Skin              ||     8
  Dodge: Dodged            ||     9

Table legend: (Time is in decaauts)
 A = Elapsed time spent in this place.
 B = Non-inter-level travel time spent in this place.
 C = Inter-level travel time spent in this place.
 D = Time resting spent in this place.
 E = Time spent auto-exploring this place.
 F = Levels seen in this place.
 G = Mean time per level.
                   A        B        C        D        E       F      G
               +--------+--------+--------+--------+--------+-----+--------+
         Total |    290 |    290 |      0 |     90 |      4 |   4 |   72.5 |
       Dungeon |    258 |    258 |      0 |     90 |      4 |   3 |   86.0 |
        Temple |     32 |     32 |      0 |      0 |      0 |   1 |   32.0 |
               +--------+--------+--------+--------+--------+-----+--------+

Top non-repeatable levels by time:
     D:5: 186 daAuts
     D:4: 54 daAuts
  Temple: 32 daAuts
     D:6: 16 daAuts
